 Dungeon Crawl Stone Soup version 0.20.2-3-g29329e0561 (webtiles) character file.

1917 Alfie the Archer (level 8, -7/63 HPs)
             Began as a Minotaur Hunter on May 22, 2020.
             Mangled by peterlawrence's ghost (16 damage)
             ... on level 7 of the Dungeon.
             The game lasted 00:25:27 (4657 turns).

Alfie the Archer (Minotaur Hunter)                  Turns: 4657, Time: 00:25:28

Health: -7/63      AC: 12    Str: 22    XL:     8   Next: 95%
Magic:  7/7        EV:  9    Int:  8    God:
Gold:   319        SH:  0    Dex: 12    Spells: 7/7 levels left

rFire    . . .     SeeInvis .   b - +0 short sword
rCold    . . .     Gourm    .   (no shield)
rNeg     . . .     Faith    .   w - +3 chain mail of Joy {Str+4}
rPois    .         Spirit   .   (helmet unavailable)
rElec    .         Reflect  .   (no cloak)
rCorr    .         Harm     +   (no gloves)
MR       +....                  (no boots)
Stlth    ..........             p - amulet of harm
Regen    0.2/turn               (no ring)
MPRegen  0.1/turn               (no ring)

@: no status effects
A: retaliatory headbutt, horns 3, frail 1, magic resistance 1
a: no special abilities


You were on level 7 of the Dungeon.
You were not hungry.

You visited 1 branch of the dungeon, and saw 7 of its levels.

You collected 345 gold pieces.
You spent 26 gold pieces at shops.

Inventory:

Hand Weapons
 a - a +1 shortbow
 b - a +0 short sword (weapon)
 x - the cursed +1 whip of Dim Light {slash, -Tele rPois rN+ Str+3, unknown}
   (You found it on level 5 of the Dungeon)

   It inflicts extra damage upon your enemies.
   It affects your strength (+3).
   It protects you from poison.
   It protects you from negative energy.
   It prevents most forms of teleportation.
   It has a curse placed upon it.
Missiles
 d - 33 arrows
 q - 3 tomahawks (quivered)
Armour
 w - the +3 chain mail of Joy (worn) {Str+4}
   (You found it on level 4 of the Dungeon)

   It affects your strength (+4).
Jewellery
 c - a +2 ring of intelligence
 l - an uncursed amulet of rage {unknown}
 p - an amulet of harm (around neck)
 y - an uncursed ring of wizardry {unknown}
Scrolls
 h - 4 scrolls of identify
 i - 3 scrolls of teleportation
 j - 6 scrolls of remove curse {unknown}
 k - a scroll of fog {unknown}
 m - a scroll of recharging
 n - 2 scrolls of enchant weapon {unknown}
 s - 2 scrolls of blinking {unknown}
Potions
 e - a potion of resistance {unknown}
 g - 2 potions of mutation
 o - 2 potions of lignification {unknown}
 r - 3 potions of heal wounds {unknown}
 v - a potion of agility {unknown}
 A - a potion of brilliance {unknown}
 D - a potion of flight {unknown}
 E - 2 potions of haste {unknown}
Books
 B - a Young Poisoner's Handbook

   Spells                             Type                      Level
   a - Sting                          Conjuration/Poison           1
   b - Poisonous Vapours              Poison/Air                   2
   c - Mephitic Cloud                 Conjuration/Poison/Air       3
   d - Olgreb's Toxic Radiance        Poison                       4
   e - Venom Bolt                     Conjuration/Poison           5
Comestibles
 f - 3 bread rations
 t - 2 meat rations
 u - 2 fruits


   Skills:
 + Level 6.4 Fighting
 + Level 4.2 Short Blades
 + Level 10.3 Bows
 + Level 0.4 Throwing
 + Level 4.0 Armour
 + Level 3.3 Dodging
 + Level 1.1 Stealth


You had 7 spell levels left.
You didn't know any spells.

Dungeon Overview and Level Annotations

Branches:
Dungeon (7/15)             Temple (0/1) D:6

Altars:
Fedhas
Nemelex Xobeh

Shops:
D:4 *

Annotations:
D:7 peterlawrence's ghost, novice MiFi


Innate Abilities, Weirdness & Mutations

You reflexively headbutt those who attack you in melee.
You have a pair of large horns on your head.
You are frail. (-10% HP)
You are resistant to hostile enchantments. (MR+)


Message History

You feel better.
Peterlawrence's ghost completely misses you.
You hit peterlawrence's ghost but do no damage.
You headbutt peterlawrence's ghost.
Peterlawrence's ghost is severely damaged.
You hit peterlawrence's ghost but do no damage.
Peterlawrence's ghost is severely damaged.
Peterlawrence's ghost hits you.
* * * LOW HITPOINT WARNING * * *
You hit peterlawrence's ghost but do no damage.
You headbutt peterlawrence's ghost, but do no damage.
Peterlawrence's ghost is severely damaged.
Peterlawrence's ghost hits you but does no damage.
You barely miss peterlawrence's ghost.
Peterlawrence's ghost is severely damaged.
Peterlawrence's ghost hits you but does no damage.
You hit peterlawrence's ghost but do no damage.
Peterlawrence's ghost is severely damaged.
Peterlawrence's ghost hits you!
You die...

# #. ##..
#....####
#.z.()#
..z..W#W#
..... #@#
.... ###
###


You could see peterlawrence's ghost.

Vanquished Creatures
  Sigmund (D:6)
  A necrophage (D:6)
  A sky beast (D:6)
  A phantom (D:6)
  An ice beast (D:5)
  The ghost of Alfie the Shooter, an amateur MiHu (D:3)
  2 centaurs
  A bullfrog (D:6)
  3 wights (D:7)
  A crimson imp (D:6)
  2 bullfrog zombies (D:5)
  3 hounds
  2 jellies (D:5)
  2 centaur skeletons
  Jessica (D:2)
  A bullfrog skeleton (D:5)
  3 iguanas
  7 orc wizards
  3 worker ants
  A hound skeleton (D:3)
  4 gnolls (D:5)
  9 adders
  A shadow imp (D:5)
  2 oozes
  An adder skeleton (D:5)
  3 worms
  4 dart slugs
  3 leopard geckos
  22 orcs
  9 bats
  4 giant cockroaches
  6 goblins
  6 hobgoblins
  19 jackals
  4 frilled lizards
  6 kobolds
  A leopard gecko zombie (D:6)
  5 rats
  A plant (D:1)
148 creatures vanquished.

Notes
Turn   | Place    | Note
-------+----------+-------------------------------------------
     0 | D:1      | Alfie the Minotaur Hunter began the quest for the Orb.
     0 | D:1      | Reached XP level 1. HP: 18/18 MP: 0/0
   246 | D:1      | Reached XP level 2. HP: 25/25 MP: 1/1
   289 | D:1      | Reached skill level 5 in Bows
   620 | D:2      | Reached XP level 3. HP: 26/30 MP: 2/2
   624 | D:2      | Noticed Jessica
   646 | D:2      | Killed Jessica
   646 | D:2      | Reached skill level 1 in Armour
   707 | D:2      | Reached XP level 4. HP: 37/37 MP: 3/3
   716 | D:2      | Reached skill level 1 in Stealth
  1195 | D:3      | Reached skill level 6 in Bows
  1241 | D:3      | Noticed Alfie's ghost (amateur MiHu)
  1277 | D:3      | Killed Alfie's ghost
  1277 | D:3      | Reached XP level 5. HP: 17/44 MP: 4/4
  1616 | D:3      | Reached skill level 1 in Short Blades
  1625 | D:3      | Gained mutation: You are frail. (-10% HP) [potion of mutation]
  1625 | D:3      | Gained mutation: You have a pair of large horns on your head. [potion of mutation]
  1625 | D:3      | Gained mutation: You are resistant to hostile enchantments. (MR+) [potion of mutation]
  2127 | D:4      | Reached skill level 7 in Bows
  2127 | D:4      | Reached XP level 6. HP: 45/45 MP: 5/5
  2273 | D:4      | Found Upnaizxa's General Store.
  2286 | D:4      | Bought a scroll of identify for 26 gold pieces
  2323 | D:4      | Got a bloodstained chain mail
  2324 | D:4      | Identified the +3 chain mail of Joy {Str+4} (You found it on level 4 of the Dungeon)
  2387 | D:4      | Found a glowing drain.
  2739 | D:4      | Found a sparkling altar of Nemelex Xobeh.
  2830 | D:5      | Entered Level 5 of the Dungeon
  2919 | D:5      | Noticed an ice beast
  2928 | D:5      | Killed an ice beast
  2928 | D:5      | Reached skill level 8 in Bows
  2928 | D:5      | Reached XP level 7. HP: 32/51 MP: 6/6
  3040 | D:5      | Found a blossoming altar of Fedhas.
  3659 | D:5      | Reached XP level 8. HP: 33/59 MP: 7/7
  3719 | D:5      | Got a pitted whip
  4005 | D:6      | Reached skill level 9 in Bows
  4029 | D:6      | Reached skill level 5 in Fighting
  4213 | D:6      | Found a staircase to the Ecumenical Temple.
  4236 | D:6      | Noticed Sigmund
  4239 | D:6      | Killed Sigmund
  4276 | D:6      | Reached skill level 10 in Bows
  4612 | D:7      | Noticed peterlawrence's ghost (novice MiFi)
  4657 | D:7      | Mangled by peterlawrence's ghost

Skill      XL: |  1  2  3  4  5  6  7  8 |
---------------+-------------------------+-----
Bows           | 5 6 7 8 10 | 10.3
Armour         | 1 2 3 4 |  4.0
Stealth        | 1 |  1.1
Fighting       | 3 4 6 |  6.4
Short Blades   | 1 2 3 4 |  4.2
Dodging        | 3 |  3.3
Throwing       | |  0.4

Action                   |  1- 3 |  4- 6 |  7- 9 || total
-------------------------+-------+-------+-------++-------
Melee: Short sword       |    64 |    41 |   108 ||   213
       Headbutt          |    19 |    10 |    23 ||    52
       Shortbow          |       |       |     4 ||     4
 Fire: Shortbow          |    54 |   128 |   154 ||   336
Throw: Tomahawk          |       |       |     2 ||     2
  Use: Scroll            |       |     8 |     2 ||    10
       Potion            |       |     2 |     2 ||     4
  Eat: Bread ration      |       |     1 |     1 ||     2
       Royal jelly       |       |     1 |     1 ||     2
Armor: Leather armour    |    14 |    10 |       ||    24
       Chain mail        |       |     8 |   114 ||   122
Dodge: Dodged            |    28 |    53 |    87 ||   168
